 Dungeon Crawl Stone Soup version 0.30.0-19-g36f170ea60 (webtiles) character file.

Game seed: 529935750838089000

1961 belegose the Magician (level 9, -13/45 HPs)
             Began as a Gargoyle Earth Elementalist on May 28, 2023.
             Was a Believer of Okawaru.
             Mangled by Joseph
             ... wielding a +0 quarterstaff
              (19 damage)
             ... on level 7 of the Dungeon.
             The game lasted 00:49:50 (8323 turns).

belegose the Magician (Gargoyle Earth Elementalist) Turns: 8323, Time: 00:49:52

Health: -13/45     AC: 11    Str: 12    XL:     9   Next: 19%
Magic:  18/18      EV: 11    Int: 26    God:    Okawaru [**....]
Gold:   74         SH:  0    Dex: 10    Spells: 16/20 levels left

rFire   . . .        B - +4 quarterstaff (chaos)
rCold   . . .        (shield currently unavailable)
rNeg    + . .        g - +0 robe
rPois   ∞            E - +0 helmet
rElec   +            F - +0 cloak
rCorr   .            D - +0 pair of gloves
SInv    .            (no boots)
Will    .....        (no amulet)
Stlth   +++          x - +6 ring of intelligence
HPRegen 0.27/turn    (no ring)
MPRegen 0.16/turn

%: no passive effects
@: no status effects
A: sickness immunity, AC +6, negative energy resistance 1, electricity
resistance, torment resistance 1, petrification resistance
a: Renounce Religion, Heroism


You were on level 7 of the Dungeon.
You worshipped Okawaru.
Okawaru was pleased with you.
You visited 2 branches of the dungeon, and saw 8 of its levels.

You collected 364 gold pieces.
You spent 290 gold pieces at shops.

Inventory:

Hand Weapons
 a - the +2 dagger of Kyrok {drain, Str-4 Int+2 Dex+5}
   (You found it on level 6 of the Dungeon)

   Str:       It affects your strength (-4).
   Int:       It affects your intelligence (+2).
   Dex:       It affects your dexterity (+5).
 b - a +0 sling
 B - a +4 quarterstaff of chaos (weapon)
 C - a +0 long sword
Missiles
 d - 16 stones
 s - a curare-tipped dart (quivered)
 u - 7 poisoned darts
Armour
 f - a +0 ring mail
 g - a +0 robe (worn)
 D - a +0 pair of gloves (worn)
 E - a +0 helmet (worn)
 F - a +0 cloak (worn)
Jewellery
 x - a +6 ring of intelligence (left hand)
Wands
 o - a wand of roots (1)
 t - a wand of mindburst (11)
 v - a wand of paralysis (10)
 w - a wand of light (14)
 z - a wand of polymorph (4)
Scrolls
 e - 4 scrolls of teleportation
 i - a scroll of blinking {unknown}
 j - 3 scrolls of noise {unknown}
 k - 2 scrolls of identify
 m - a scroll of enchant weapon {unknown}
 p - 4 scrolls of magic mapping
 q - 3 scrolls of poison {unknown}
 r - 2 scrolls of summoning {unknown}
 y - 3 scrolls of fear {unknown}
Potions
 c - 7 potions of heal wounds
 h - a potion of cancellation
 l - a potion of magic
 n - 4 potions of mutation
 A - a potion of curing
 G - a potion of brilliance


   Skills:
 - Level 3.0 Ranged Weapons
 + Level 2.4 Armour
 - Level 1.5 Dodging
 - Level 5.0 Stealth
 + Level 6.3 Spellcasting
 - Level 5.1 Conjurations
 - Level 0.7 Transmutations
 - Level 5.3 Earth Magic
 + Level 4.6 Evocations


You had 16 spell levels left.
You knew the following spells:

 Your Spells              Type           Power      Damage    Failure   Level
a - Sandblast             Erth           72%        2d16      1%          1
b - Stone Arrow           Conj/Erth      70%        3d11      2%          3

Your spell library contained the following spells:

 Spells                   Type           Power      Damage    Failure   Level
 Kiss of Death            Conj/Necr      84%        2d11      2%          1
 Shock                    Conj/Air       84%        1d8       2%          1
 Passwall                 Tmut/Erth      20%        N/A       3%          2
 Apportation              Tloc           16%        N/A       7%          1
 Necrotise                Necr           32%        1d5       7%          1
 Slow                     Hex            32%        N/A       7%          1
 Ensorcelled Hibernation  Hex/Ice        16%        N/A       11%         2
 Lesser Beckoning         Tloc           16%        N/A       11%         2
 Petrify                  Tmut/Erth      24%        N/A       19%         4
 Confusing Touch          Hex            8%         N/A       21%         3
 Gell's Gravitas          Tloc           8%         N/A       21%         3
 Swiftness                Air            8%         N/A       21%         3
 Teleport Other           Tloc           8%         N/A       21%         3
 Vampiric Draining        Necr           8%         2d6       21%         3
 Airstrike                Air            4%         2d(1-17)  56%         4
 Dispel Undead            Necr           8%         3d8       56%         4
 Summon Small Mammal      Summ           Unusable   N/A       N/A         1

Dungeon Overview and Level Annotations

Branches:
Dungeon (7/15)             Temple (1/1) D:5

Altars:
Okawaru
Xom
Yredelemnul
The Shining One

Shops:
D:5 !(![?

Annotations:
D:4 3 runed translucent doors, exclusion: 3 doors, Irreverend's ghost, novice DECj
D:5 exclusion: downstairs
D:7 exclusions: hornet, ogre and water moccasin, Joseph


Innate Abilities, Weirdness & Mutations

You are immune to sickness and miasma.
Your stone body is resilient. (AC +6)
You are immune to poison.
You resist negative energy. (rN+)
You are resistant to electric shocks. (rElec)
You are resistant to unholy torment.
You are immune to petrification.


Message History

You now have 74 gold pieces (gained 10).
k - 2 scrolls of identify (gained 1)
You see here a +1 leather armour of fire resistance.
Aiming: Polymorph
Press: ? - help, Shift-Dir - straight line, f - Joseph
Aim: Joseph, wielding a +0 quarterstaff and wearing a +2 ring mail of positive energy (wandering, hasn't noticed you, will become an elephant, a troll, or a hog, chance to affect: 43%)
Okay, then.
Throw: 2 darts (curare)
Press: ? - help, Q - select action, (/) - cycle Shift-Dir - straight line, f - Joseph
Aim: Joseph, wielding a +0 quarterstaff and wearing a +2 ring mail of positive energy (wandering, hasn't noticed you, 58% to hit)
You throw a curare-tipped dart. The curare-tipped dart hits Joseph.
Joseph is poisoned.
Joseph convulses.
Joseph seems to slow down.
Joseph shouts!
Joseph is lightly wounded.
Joseph unwields a +0 quarterstaff.
Joseph wields a +0 sling.
Joseph shoots a sling bullet.
The sling bullet hits you!
Joseph is no longer moving slowly.
Joseph unwields a +0 sling.
Joseph wields a +0 quarterstaff.
Joseph hits you with a +0 quarterstaff!
Aiming: Paralyse
Press: ? - help, Shift-Dir - straight line, f/p - Joseph
Aim: Joseph, wielding a +0 quarterstaff and wearing a +2 ring mail of positive energy (moderately wounded, poisoned, chance to affect: 43%)
Okay, then.
Aiming: Paralyse
Press: ? - help, Shift-Dir - straight line, f/p - Joseph
Aim: Joseph, wielding a +0 quarterstaff and wearing a +2 ring mail of positive energy (moderately wounded, poisoned, chance to affect: 43%) Joseph resists with some effort.
Joseph drinks a potion.
Joseph seems to grow stronger.
Aiming: Paralyse
Press: ? - help, Shift-Dir - straight line, f/p - Joseph
Aim: Joseph, wielding a +0 quarterstaff and wearing a +2 ring mail of positive energy (moderately wounded, strong, poisoned, chance to affect: 43%) Joseph resists with some effort.
Joseph hits you with a +0 quarterstaff!
* * * LOW HITPOINT WARNING * * *
Unknown command.
Aiming: Paralyse
Press: ? - help, Shift-Dir - straight line, f/p - Joseph
Aim: Joseph, wielding a +0 quarterstaff and wearing a +2 ring mail of positive energy (moderately wounded, strong, poisoned, chance to affect: 43%) Joseph resists with some effort.
Joseph hits you with a +0 quarterstaff!!
You die...

###############..
##...........# #..
#<...........# #..
#..<.........###..
#............'....
#............##...
#.........>.[##...
#............##...
#@##########.##...
#.@..........##...
#...[........##.##
#.......(....##.#
#.###.###'##.##.#
#.# .# ...##.# #..
.. #.# #.. ... #.#
#. .### #.#


You could see Joseph (strong, poisoned).

Vanquished Creatures
  Grinder (D:3)
  2 steam dragons
  A water moccasin (D:7)
  A sky beast (D:6)
  2 ice beasts
  2 ogres (D:6)
  A phantom (D:4)
  A gnoll sergeant (D:6)
  A bullfrog (D:6)
  3 scorpions
  3 jellies
  2 hounds (D:6)
  Crazy Yiuf (D:7)
  2 orc priests (D:6)
  Jessica (D:3)
  A sleepcap (D:7)
  3 iguanas (D:5)
  5 gnolls (D:6)
  9 adders
  2 white imps (D:7)
  2 ufetubi
  2 dart slugs
  7 orcs
  10 endoplasms
  3 giant cockroaches
  7 goblins
  3 hobgoblins
  3 kobolds
  5 quokkas
  7 ball pythons
  3 bats
  3 frilled lizards
  4 rats
103 creatures vanquished.

Notes
Turn   | Place    | Note
-------+----------+-------------------------------------------
     0 | D:1      | belegose the Gargoyle Earth Elementalist began the quest
                  | for the Orb.
     0 | D:1      | Reached XP level 1. HP: 10/10 MP: 3/3
   277 | D:1      | Reached XP level 2. HP: 13/15 MP: 5/5
  1076 | D:2      | Reached XP level 3. HP: 19/19 MP: 2/6
  1414 | D:2      | Reached XP level 4. HP: 24/24 MP: 8/8
  1897 | D:3      | Noticed Jessica
  1906 | D:3      | Killed Jessica
  1907 | D:3      | Reached skill level 3 in Spellcasting
  2139 | D:3      | Noticed an ice beast
  2151 | D:3      | Killed an ice beast
  2152 | D:3      | Reached skill level 5 in Earth Magic
  2152 | D:3      | Reached XP level 5. HP: 10/28 MP: 7/10
  2490 | D:3      | Noticed Grinder
  2534 | D:3      | Found an iron altar of Okawaru.
  2547 | D:3      | Became a worshipper of Warmaster Okawaru
  2783 | D:3      | Found a shimmering altar of Xom.
  2916 | D:4      | Reached XP level 6. HP: 32/32 MP: 8/11
  2920 | D:4      | Learned a level 3 spell: Stone Arrow
  3072 | D:4      | Reached skill level 1 in Conjurations
  3298 | D:4      | Found a runed translucent gate.
  3298 | D:4      | Found a runed translucent gate.
  3298 | D:4      | Found a runed translucent gate.
  3353 | D:4      | Noticed Irreverend's ghost (novice DECj)
  3504 | D:4      | Found a basalt altar of Yredelemnul.
  3705 | D:5      | Entered Level 5 of the Dungeon
  3739 | D:5      | Found Hipn's Antique Armour Shop.
  3756 | D:5      | Found a staircase to the Ecumenical Temple.
  3778 | D:5      | Reached skill level 5 in Stealth
  3778 | D:5      | Reached skill level 4 in Spellcasting
  3786 | Temple   | Entered the Ecumenical Temple
  3877 | D:5      | Found Tumur's Distillery.
  3888 | D:5      | Bought 2 potions of degeneration for 30 gold pieces
  3888 | D:5      | Bought a potion of heal wounds for 75 gold pieces
  3888 | D:5      | Bought a potion of curing for 45 gold pieces
  3898 | D:5      | Reached XP level 7. HP: 36/36 MP: 10/13
  3959 | D:5      | Found Vaonuonono's Magic Scroll Boutique.
  3976 | D:5      | Bought a scroll of identify for 20 gold pieces
  4101 | D:5      | Found Wupniose's Weapon Shoppe.
  4107 | D:5      | Found Somiekleq's Distillery.
  4156 | D:5      | Reached skill level 1 in Ranged Weapons
  4156 | D:5      | Reached skill level 1 in Evocations
  4483 | D:6      | Identified the +0 rapier of Saltpetre {flame, *Corrode
                  | Str+4 Int+8}
  4517 | D:6      | Identified the +2 dagger of Kyrok {drain, Str-4 Int+2
                  | Dex+5}
  4543 | D:6      | Noticed a steam dragon
  4565 | D:6      | Killed a steam dragon
  4830 | D:6      | Reached * piety under Okawaru
  5285 | D:6      | Found a glowing golden altar of the Shining One.
  5431 | D:6      | Reached XP level 8. HP: 41/41 MP: 13/15
  5596 | D:6      | Reached skill level 5 in Spellcasting
  6564 | D:6      | Found a glowing golden altar of the Shining One.
  6868 | D:3      | Killed Grinder
  6868 | D:3      | Reached ** piety under Okawaru
  6869 | D:3      | Reached skill level 5 in Conjurations
  7204 | D:5      | Bought a potion of mutation for 120 gold pieces
  7291 | D:6      | Reached skill level 1 in Armour
  7291 | D:6      | Reached XP level 9. HP: 25/45 MP: 10/17
  7466 | D:7      | Reached skill level 6 in Spellcasting
  7475 | D:7      | Noticed Joseph
  7535 | D:7      | Noticed a hornet
  8080 | D:7      | Found a runed translucent door.
  8081 | D:7      | Noticed Crazy Yiuf
  8089 | D:7      | Killed Crazy Yiuf
  8323 | D:7      | Mangled by Joseph

Illustrated notes

Levels and vault maps discovered:
D:1:      dpeg_arrival_rhombi, layout_basic
D:2:      layout_basic
D:3:      layout_loops_ring, lemuel_coloured_pillars_altar, lemuel_doored_altar,
          serial_glass, glass_columns_a, glass_columns_c, glass_columns_a,
          glass_columns_a, mrwooster_statue_mirror, hex_medium, uniq_grinder,
          uniq_jessica
D:4:      cheibrodos_quashed, layout_basic, mainiacjoe_overflow_small_starburst,
          gammafunk_ghost_icy
D:5:      layout_cave_pools, minmay_temple_entry_ruins, serial_shops,
          nicolae_square_shop, nicolae_shop_window_shopping,
          nicolae_shop_window_shopping, nicolae_shop_tiny_waterfront,
          nicolae_shop_peninsula
D:6:      layout_loops_ring, nicolae_tso_swordbearing_angel
D:7:      layout_basic, minmay_ruined_shrine, uniq_joseph,
          uniq_crazy_yiuf_cottage
Temple:   minmay_temple_bridge_d

Skill      XL: |  1  2  3  4  5  6  7  8  9 |
---------------+----------------------------+-----
Earth Magic    | 4 5 |  5.3
Stealth        | 3 4 5 |  5.0
Spellcasting   | 3 4 5 6 |  6.3
Conjurations   | 1 3 5 |  5.1
Ranged Weapons | 2 3 |  3.0
Evocations     | 2 4 |  4.6
Armour         | 1 2 |  2.4
Dodging        | |  1.5
Transmutations | |  0.7

Action                     |  1- 3 |  4- 6 |  7- 9 || total
---------------------------+-------+-------+-------++-------
  Melee: Falchion          |    45 |    67 |       ||   112
         Unarmed           |     3 |       |       ||     3
         Punch             |       |     1 |       ||     1
         Dagger            |       |       |     2 ||     2
   Fire: Sling             |     5 |    26 |     6 ||    37
  Throw: Stone             |       |       |    37 ||    37
         Dart              |       |       |    14 ||    14
   Cast: Sandblast         |    14 |    34 |    60 ||   108
         Stone Arrow       |       |       |    21 ||    21
  Evoke: Wand              |       |     3 |    10 ||    13
    Use: Scroll            |       |     1 |     1 ||     2
         Potion            |       |       |     3 ||     3
   Stab: Sleeping          |     3 |     6 |     2 ||    11
 Armour: Robe              |    18 |    39 |     3 ||    60
  Dodge: Dodged            |    37 |    46 |    25 ||   108
